 Dungeon Crawl Stone Soup version 0.29.1-1-gd02db6906a (webtiles) character file.

Game seed: 12884753848161862314

120126 olmar the Bludgeoner (level 16, 0/107 (109) HPs)
             Began as a Gargoyle Fighter on Oct 13, 2022.
             Was the Champion of Makhleb.
             Slain by Donald
             ... wielding a +1 eveningstar of holy wrath
              (24 damage)
             ... on level 1 of the Shoals on Oct 15, 2022.
             The game lasted 01:21:59 (29632 turns).

olmar the Bludgeoner (Gargoyle Fighter)            Turns: 29632, Time: 01:22:00

HP:   0/107 (109)   AC: 42    Str: 32    XL:     16   Next: 81%
MP:   20/20         EV:  8    Int:  8    God:    Makhleb [******]
Gold: 1718          SH: 12    Dex: 14    Spells: 15/15 levels left

rFire   + . .      SeeInvis .   o - +1 demon whip (venom)
rCold   . . .      Faith    .   D - +0 buckler {AC+3}
rNeg    + . .      Spirit   .   J - +2 plate armour {rF+}
rPois   ∞          Reflect  +   x - +1 helmet
rElec   +          Harm     .   F - +1 cloak
rCorr   +          Rampage  .   (no gloves)
Will    +....                   G - +1 pair of boots
Stlth   ..........              l - amulet of reflection
HPRegen 1.07/turn               s - ring of resist corrosion
MPRegen 0.17/turn               Z - +6 ring of dexterity

@: about to teleport, flying, lightly drained
A: sickness immunity, AC +12, big wings, negative energy resistance 1,
electricity resistance, torment resistance 1, petrification resistance,
regeneration 1, strong 1, MP-powered wands
a: Renounce Religion, Minor Destruction, Lesser Servant of Makhleb, Major
Destruction, Greater Servant of Makhleb


You were on level 1 of the Shoals.
You worshipped Makhleb.
Makhleb was exalted by your worship.
You visited 4 branches of the dungeon, and saw 23 of its levels.
You visited the Abyss 1 time.
You also visited: Bailey and Volcano.

You collected 2885 gold pieces.
You spent 1167 gold pieces at shops.

Inventory:

Hand Weapons
 n - a +2 vorpal sling
 o - a +1 demon whip of venom (weapon)
 y - a +0 vorpal eveningstar
 A - a +1 hammer of protection
 O - a +1 flail of draining
 R - a +2 great mace of flaming
 V - a +3 flail
Missiles
 v - 9 throwing nets
 w - 29 javelins
 E - 17 poisoned darts
 N - 3 atropa-tipped darts
Armour
 i - the +0 scale mail "Rataum Moipn" {Dex+4 SInv}
   (You found it on level 2 of the Lair of Beasts)

   Dex:       It affects your dexterity (+4).
   SInv:      It lets you see invisible.
 x - a +1 helmet (worn)
 D - a +0 buckler of protection (worn)
 F - a +1 cloak (worn)
 G - a +1 pair of boots (worn)
 J - a +2 plate armour of fire resistance (worn)
Jewellery
 l - an amulet of reflection (around neck)
 s - a ring of resist corrosion (left hand)
 H - a ring of protection from cold
 Z - a +6 ring of dexterity (right hand)
Wands
 L - a wand of iceblast (6) (quivered)
 U - a wand of flame (52)
 X - a wand of charming (9)
Scrolls
 f - 3 scrolls of poison
 g - 4 scrolls of enchant armour
 h - 4 scrolls of amnesia
 m - a scroll of enchant weapon
 u - 4 scrolls of fear
 z - a scroll of blinking
 K - 4 scrolls of teleportation
 Q - 8 scrolls of identify
 T - 2 scrolls of butterflies
 W - 3 scrolls of magic mapping
Potions
 a - a potion of berserk rage
 c - 5 potions of mutation
 d - a potion of magic
 e - a potion of attraction
 j - a potion of might
 k - a potion of curing
 q - 4 potions of invisibility
 I - 4 potions of brilliance
 S - 2 potions of cancellation
 Y - a potion of haste
Miscellaneous
 r - a condenser vane (inert)


   Skills:
 + Level 15.7 Fighting
 + Level 16.3 Maces & Flails
 + Level 8.4 Ranged Weapons
 - Level 0.1 Throwing
 + Level 15.3 Armour
 + Level 13.8 Shields
 + Level 6.2 Invocations
 - Level 0.1 Evocations


You had 15 spell levels left.
You didn't know any spells.
Your spell library contained the following spells:

 Spells                   Type           Power      Damage    Failure   Level
 Necrotise                Necr           0%         1d4       94%         1
 Slow                     Hex            0%         N/A       94%         1
 Wereblood                Tmut           0%         N/A       98%         2
 Call Canine Familiar     Summ           0%         N/A       100%        3
 Confusing Touch          Hex            0%         N/A       100%        3
 Portal Projectile        Hex/Tloc       0%         N/A       100%        3
 Vampiric Draining        Necr           0%         2d6       100%        3
 Hailstorm                Conj/Ice       0%         3d3       100%        4
 Ice Form                 Ice/Tmut       0%         N/A       100%        4
 Leda's Liquefaction      Hex/Erth       0%         N/A       100%        4
 Passage of Golubria      Tloc           0%         N/A       100%        4
 Summon Lightning Spire   Summ/Air       0%         N/A       100%        4
 Agony                    Necr           0%         N/A       100%        5
 Alistair's Intoxication  Tmut/Pois      0%         N/A       100%        5
 Borgnjor's Vile Clutch   Necr/Erth      0%         N/A       100%        5
 Silence                  Hex/Air        0%         N/A       100%        5
 Summon Forest            Summ/Tloc      0%         N/A       100%        5
 Yara's Violent Unravell  Hex/Tmut       0%         3d3       100%        5
 Eringya's Noxious Bog    Tmut/Pois      0%         N/A       100%        6
 Simulacrum               Ice/Necr       0%         N/A       100%        6
 Summon Hydra             Summ           0%         N/A       100%        7
 Lehudib's Crystal Spear  Conj/Erth      0%         10d2      100%        8
 Sublimation of Blood     Necr           Unusable   N/A       N/A         2
 Statue Form              Tmut/Erth      Unusable   N/A       N/A         6

Dungeon Overview and Level Annotations

Branches:
Dungeon (15/15)            Temple (0/1) D:7            Lair (5/5) D:8
 Shoals (1/4) Lair:3        Snake (0/4) Lair:2        Slime (0/5) Lair:5
    Orc (2/2) D:12            Elf (0/3) Orc:2        Vaults (0/5) D:14
 Bailey (visited)         Volcano (visited)
 Depths: D:15

Altars:
Ashenzari
Cheibriados
Elyvilon
Fedhas
Gozag
Kikubaaqudgha
Makhleb
Okawaru
Trog
Vehumet
Zin
Jiyva

Shops:
D:5 [   D:10 *   Orc:2 *=*(

Portals:
Pandemonium: Orc:2

Annotations:
D:8 1 runed translucent door, TheGhostDragon952's ghost, novice MiBe
Lair:3 exclusion: oklob plant
Shoals:1 Donald; Jorgrun
Orc:1 2 transporters, miserystealer's ghost, journeyman GnFi


Innate Abilities, Weirdness & Mutations

You are immune to sickness and miasma.
Your stone body is resilient. (AC +12)
You are immune to poison.
Your large and strong wings let you fly.
You resist negative energy. (rN+)
You are resistant to electric shocks. (rElec)
You are resistant to unholy torment.
You are immune to petrification.
Your natural rate of healing is unusually fast.
Your muscles are strong. (Str +4, Int/Dex -1)
You expend magic power (3 MP) to strengthen your wands.


Message History

You block Donald's attack. The wraith attacks as you move away!
You block the wraith's attack.
Press: ? - help, v - describe, . - travel
Here: Donald, wielding a +1 eveningstar of holy wrath, wearing a +4 plate armour of willpower and wearing a +0 kite shield of reflection (water, fast, strong, reflecting blocked projectiles) Some deep water.
Okay, then.
Okay, then.
You closely miss the wraith.
The wraith is almost destroyed.
You block Donald's attack.
The wraith hits you but does no damage. x2
Unknown command.
You barely miss the wraith.
The wraith is almost destroyed.
Donald hits you but does no damage.
Unknown command.
Unknown command.
You whack the wraith!
You destroy the wraith!
Makhleb accepts your kill.
You feel better. The wraith hits you but does no damage.
Donald hits you with a +1 eveningstar of holy wrath!!
Unknown command.
As you read the scroll of fear, it crumbles to dust.
You assume a fearsome visage.
The wraith is unaffected. x3
Donald easily resists.
You block Donald's attack. The wraith hits you but does no damage.
You block the wraith's attack.
Unknown command.
Unknown command.
Okay, then.
As you read the scroll of teleportation, it crumbles to dust.
You feel strangely unstable.
Donald hits you with a +1 eveningstar of holy wrath!!
* * * LOW HITPOINT WARNING * * *
The wraith hits you but does no damage. x2; You block Donald's attack.
Unknown command.
Unknown command.
Unknown command.
The wraith attacks as you move away! You block the wraith's attack.
Donald hits you with a +1 eveningstar of holy wrath!!
You die...

####################
≈≈≈≈≈≈≈≈≈WW≈@≈≈≈≈≈≈#
≈≈≈≈≈≈≈≈≈≈W@≈≈≈≈≈≈≈#
≈≈≈≈≈~~~~~~~≈≈≈≈≈≈≈#
≈≈~~~~~~~~~~~~~≈≈≈≈#
~~~~~~)..~~~~~~~≈≈≈#
~P~~P........~~~≈≈≈#
P..P~.........~~≈≈≈#
~~P~~~P......)~~≈≈≈#
~~~~P~~..P~~~~~≈≈≈≈#


You could see Donald (fast, strong, reflecting) and 3 wraiths.

Vanquished Creatures
  4 starcursed masses (Abyss:2)
  Nessos (Lair:4)
  A lorocyproca (Abyss:2)
  A merfolk impaler (Shoals:1)
  A merfolk javelineer (Shoals:1)
  Josephine (Shoals:1)
  2 demonspawn (Orc:2)
  A hydra (D:12)
  2 boulder beetles
  Erica (Orc:1)
  2 centaur warriors
  5 two-headed ogres
  A death yak (Lair:3)
  A tengu warrior (D:13)
  2 thrashing horrors (Abyss:2)
  8 orc high priests
  A hell knight (Volcano)
  2 deep elf knights (D:12)
  13 skeletal warriors
  3 wretched stars (Abyss:2)
  A sea snake (Shoals:1)
  A wizard (D:14)
  6 orc knights
  7 harpies (Shoals:1)
  A wolf spider (D:14)
  A deep elf pyromancer (D:11)
  6 fauns (Shoals:1)
  9 cyclopes
  3 ugly things
  4 orc sorcerers
  2 manticores
  14 elephants
  2 merfolk sirens (Shoals:1)
  Maurice (D:11)
  4 black mambas
  A water nymph (Shoals:1)
  A molten gargoyle (Volcano)
  3 cane toads
  A gargoyle (D:13)
  2 unseen horrors
  A large abomination (Abyss:2)
  8 komodo dragons
  4 rime drakes
  A tengu conjurer (D:13)
  2 merfolk (Shoals:1)
  4 trolls
  A hornet (D:10)
  8 polar bears
  5 dream sheep (Lair:3)
  4 snapping turtles
  4 blink frogs
  8 slime creatures
  3 raiju (Lair:5)
  A centaur simulacrum (D:14)
  A ynoxinul (Orc:2)
  2 flying skulls (Abyss:2)
  A shadow (D:13)
  2 wraiths
  A spriggan (shapeshifter) (D:13)
  2 vampires
  4 wyverns
  Eustachio (D:5)
  3 water elementals
  40 yaks
  2 fire bats (Volcano)
  3 basilisks
  2 steam dragons (D:8)
  A chaos spawn (Abyss:2)
  8 wargs
  4 vampire mosquitoes (D:12)
  Edmund (D:5)
  2 acid dragons (D:11)
  15 water moccasins
  14 hell hounds
  56 orc warriors
  12 black bears
  5 ogres
  An ice beast (D:8)
  29 wolves
  15 centaurs
  7 kobold brigands
  A scorpion (D:6)
  2 small abominations (Abyss:2)
  22 bullfrogs
  4 necrophages
  5 wights (D:10)
  4 killer bees (D:11)
  4 electric eels
  4 howler monkeys
  A crimson imp (D:6)
  5 lava snakes (Volcano)
  3 quasits (D:5)
  16 orc priests
  Crazy Yiuf (D:7)
  A gnoll bouda (D:8)
  4 hounds
  A jelly (D:6)
  6 iguanas
  22 orc wizards
  27 gnolls
  6 adders
  5 shadow imps (D:5)
  2 white imps (D:8)
  4 ufetubi
  3 dart slugs
  109 orcs
  8 ball pythons
  9 endoplasms
  A giant cockroach (D:4)
  13 goblins
  11 hobgoblins
  18 jackals
  42 kobolds
  5 quokkas
  2 bats (D:3)
  6 frilled lizards
  5 rats
793 creatures vanquished.

Vanquished Creatures (collateral kills)
  Mlioglotl (Shoals:1)
  A centaur warrior (D:13)
  2 two-headed ogres (D:14)
  A death yak (Lair:3)
  A sun demon (Volcano)
  3 skeletal warriors
  3 orc sorcerers (Orc:2)
  4 ugly things (D:14)
  4 elephants
  A molten gargoyle (Volcano)
  A torpor snail (Lair:3)
  A smoke demon (Abyss:2)
  A tormentor (Abyss:2)
  An efreet (Abyss:2)
  An ice devil (Abyss:2)
  2 polar bears (Lair:5)
  4 blink frogs (Lair:3)
  A raiju (Abyss:2)
  A small abomination (Abyss:2)
  A flying skull (Abyss:2)
  3 yaks (Lair:3)
  4 wargs
  A large abomination (Abyss:2)
  2 hell hounds
  A black bear (Lair:5)
  6 orc warriors
  3 wolves (Lair:5)
  A bullfrog (Lair:3)
  5 orc priests (Orc:2)
  2 orc wizards (Orc:1)
  3 gnolls (D:8)
  19 orcs
85 creatures vanquished.

Vanquished Creatures (others)
  A deep elf knight (D:12)
  An orc knight (D:12)
  A shining eye (Abyss:2)
  A small abomination (Abyss:2)
  A flying skull (Abyss:2)
  An orc (D:8)
  A demonic plant (D:5)
  34 fungi
  116 plants
157 creatures vanquished.

Grand Total: 1035 creatures vanquished

Notes
Turn   | Place    | Note
-------+----------+-------------------------------------------
     0 | D:1      | olmar the Gargoyle Fighter began the quest for the Orb.
     0 | D:1      | Reached XP level 1. HP: 14/14 MP: 1/1
   310 | D:1      | Reached XP level 2. HP: 19/19 MP: 2/2
   627 | D:1      | Reached XP level 3. HP: 16/24 MP: 3/3
  1635 | D:2      | Reached XP level 4. HP: 28/29 MP: 4/4
  2185 | D:3      | Reached skill level 3 in Maces & Flails
  2272 | D:3      | Found a blossoming altar of Fedhas.
  2755 | D:3      | Found a faded altar of an unknown god.
  2870 | D:3      | Reached XP level 5. HP: 25/33 MP: 5/5
  2992 | D:4      | Found a snail-covered altar of Cheibriados.
  3077 | D:4      | Noticed a black bear
  3087 | D:4      | Reached skill level 1 in Ranged Weapons
  3096 | D:4      | Killed a black bear
  3097 | D:4      | Reached skill level 4 in Maces & Flails
  3097 | D:4      | Reached XP level 6. HP: 29/39 MP: 6/6
  3293 | D:4      | You fall into a shaft and drop 1 floor!
  3293 | D:5      | Entered Level 5 of the Dungeon
  3303 | D:5      | Noticed Eustachio
  3317 | D:5      | Killed Eustachio
  3318 | D:5      | Reached skill level 5 in Armour
  3318 | D:5      | Reached XP level 7. HP: 21/44 MP: 7/7
  3505 | D:5      | Found an ancient bone altar of Kikubaaqudgha.
  3778 | D:4      | Reached skill level 5 in Maces & Flails
  3826 | D:4      | Reached skill level 5 in Fighting
  4760 | D:4      | Reached XP level 8. HP: 33/49 MP: 8/8
  5557 | D:5      | Found a white marble altar of Elyvilon.
  5674 | D:5      | Found Poill's Armour Emporium.
  5685 | D:5      | Noticed Edmund
  5706 | D:5      | Killed Edmund
  5839 | D:5      | Bought a +0 buckler of protection for 126 gold pieces
  5986 | D:5      | Reached skill level 6 in Maces & Flails
  6263 | D:6      | Noticed a wyvern
  6316 | D:6      | Killed a wyvern
  6317 | D:6      | Reached XP level 9. HP: 21/55 MP: 9/9
  6593 | D:6      | Reached skill level 7 in Maces & Flails
  6651 | D:6      | Reached skill level 5 in Ranged Weapons
  6709 | D:6      | Reached skill level 5 in Shields
  7235 | D:6      | Found a burning altar of Makhleb.
  7236 | D:6      | Found a radiant altar of Vehumet.
  7250 | D:6      | Became a worshipper of Makhleb the Destroyer
  7532 | D:7      | Found a flagged portal.
  7569 | Bailey   | Entered a bailey
  7713 | Bailey   | Reached * piety under Makhleb
  8238 | Bailey   | Reached XP level 10. HP: 56/61 MP: 10/10
  8401 | Bailey   | Reached skill level 8 in Maces & Flails
 11499 | Bailey   | Got the Folio of the Figure and Feathers
 11757 | D:7      | Found a staircase to the Ecumenical Temple.
 12282 | D:7      | Found a bloodstained altar of Trog.
 12552 | D:7      | Found a runed translucent door.
 12553 | D:7      | Noticed Crazy Yiuf
 12610 | D:8      | Found a glowing silver altar of Zin.
 12723 | D:8      | Found a runed translucent door.
 12725 | D:8      | Noticed TheGhostDragon952's ghost (novice MiBe)
 12805 | D:8      | Reached ** piety under Makhleb
 13609 | D:7      | Killed Crazy Yiuf
 13726 | D:8      | Found a staircase to the Lair.
 14213 | D:9      | Reached skill level 9 in Maces & Flails
 14255 | D:9      | Found an opulent altar of Gozag.
 14435 | D:9      | Identified the +0 leather armour of Rumiom {rPois}
 14764 | D:9      | Reached *** piety under Makhleb
 14776 | D:9      | Reached XP level 11. HP: 43/68 MP: 11/11
 15080 | D:9      | Found a broken altar of Ashenzari.
 15300 | D:10     | Entered Level 10 of the Dungeon
 15300 | D:10     | Noticed a cyclops
 15365 | D:9      | Killed a cyclops
 15571 | D:10     | Found Deschose's Overcharged Wands.
 15586 | D:10     | Reached skill level 1 in Invocations
 16450 | D:11     | Noticed a two-headed ogre
 16530 | Lair:1   | Entered Level 1 of the Lair of Beasts
 16541 | Lair:1   | Reached skill level 10 in Maces & Flails
 16550 | Lair:1   | Found a dark tunnel.
 16559 | Volcano  | Entered a volcano
 16732 | Volcano  | Reached skill level 10 in Armour
 16732 | Volcano  | Reached XP level 12. HP: 67/77 MP: 12/12
 16764 | Volcano  | Gained mutation: Your natural rate of healing is unusually
                  | fast. [potion of mutation]
 16764 | Volcano  | Gained mutation: You expend magic power (3 MP) to
                  | strengthen your wands. [potion of mutation]
 16764 | Volcano  | Gained mutation: Your muscles are strong. (Str +4, Int/Dex
                  | -1) [potion of mutation]
 16808 | Volcano  | Reached skill level 11 in Maces & Flails
 16832 | Volcano  | Found a burning altar of Makhleb.
 16832 | Volcano  | Noticed a sun demon
 16834 | Volcano  | Noticed a hell knight
 16849 | Volcano  | Reached **** piety under Makhleb
 16884 | Volcano  | Killed a hell knight
 16928 | Volcano  | Killed a sun demon
 16929 | Volcano  | Reached skill level 10 in Fighting
 17120 | Lair:1   | Noticed a boulder beetle
 17165 | Lair:1   | Killed a boulder beetle
 17350 | Lair:1   | Reached XP level 13. HP: 83/83 MP: 13/13
 17995 | Lair:2   | Reached skill level 12 in Maces & Flails
 18131 | Lair:2   | Identified the +0 scale mail "Rataum Moipn" {Dex+4 SInv}
 18497 | Lair:2   | Found a staircase to the Snake Pit.
 18609 | Lair:2   | Reached ***** piety under Makhleb
 19526 | D:11     | Noticed an Executioner
 19947 | D:11     | Noticed Maurice
 19968 | D:11     | Killed Maurice
 20160 | D:12     | Found a staircase to the Orcish Mines.
 20266 | D:12     | Reached skill level 13 in Maces & Flails
 20352 | D:12     | Reached skill level 10 in Shields
 20802 | D:12     | Identified the +4 barding of Trumpets {rN+++ Str+4 Int+3
                  | Dex-5}
 20818 | D:12     | Found the +7 lajatang of Order {silver, rMut}
 20850 | D:12     | Found an iron altar of Okawaru.
 20865 | D:12     | Identified the +0 robe of Undesirable Species {Str+4}
 20918 | D:12     | Identified the +3 scale mail of Asusets {rPois Str+2}
 21265 | D:13     | Gained mutation: Your large and strong wings let you fly.
                  | [Gargoyle growth]
 21265 | D:13     | Reached XP level 14. HP: 92/92 MP: 16/16
 21525 | D:13     | Reached skill level 14 in Maces & Flails
 22775 | Abyss:2  | Found a corrupted altar of Lugonu.
 22775 | Abyss:2  | Cast into level 2 of the Abyss (a wizard)
 22893 | Abyss:2  | Noticed a starcursed mass
 22934 | Abyss:2  | Killed a starcursed mass
 23033 | Abyss:2  | Killed a lorocyproca
 23050 | Abyss:2  | Noticed a starcursed mass
 23132 | Abyss:2  | Reached XP level 15. HP: 72/89 MP: 16/16
 23186 | Abyss:2  | Reached skill level 5 in Invocations
 23214 | D:14     | Escaped the Abyss
 23308 | D:14     | Found a gate to the Vaults.
 23439 | D:15     | Entered Level 15 of the Dungeon
 23596 | Orc:1    | Entered Level 1 of the Orcish Mines
 23668 | Orc:1    | Noticed Erica
 23683 | Orc:1    | Killed Erica
 23988 | Lair:3   | Reached skill level 15 in Maces & Flails
 24290 | Lair:3   | Found a staircase to the Shoals.
 24397 | Lair:3   | You are sucked into a shaft and drop 2 floors!
 24397 | Lair:5   | Entered Level 5 of the Lair of Beasts
 24824 | Lair:5   | Found a staircase to the Slime Pits.
 24824 | Lair:5   | Found a viscous altar of Jiyva.
 25735 | Lair:4   | Reached XP level 16. HP: 99/107 MP: 20/20
 26096 | Lair:4   | Noticed Nessos
 26142 | Lair:4   | Killed Nessos
 27058 | D:12     | Reached skill level 15 in Fighting
 27271 | Orc:1    | Found a transporter.
 27316 | Orc:1    | Noticed miserystealer's ghost (journeyman GnFi)
 27325 | Orc:1    | Found a transporter.
 27329 | Orc:1    | Found the +7 Spriggan's Knife {stab, EV+4 Stlth+}
 27524 | Orc:2    | Entered Level 2 of the Orcish Mines
 27617 | Orc:2    | Found a bloodstained altar of Trog.
 27722 | Orc:2    | Found Esomoxzu's General Store.
 27729 | Orc:2    | Found Jakhatzo's General Store.
 27741 | Orc:2    | Reached ****** piety under Makhleb
 27947 | Orc:2    | Bought a potion of curing for 45 gold pieces
 28147 | Orc:2    | Found a staircase to the Elven Halls.
 28327 | Orc:2    | Paralysed by an orc sorcerer for 5 turns
 28768 | Orc:2    | Reached skill level 16 in Maces & Flails
 28823 | Orc:2    | Reached skill level 15 in Armour
 28831 | Orc:2    | Found Ymameur's Antique Weapon Boutique.
 28831 | Orc:2    | Found Onaurreg's Jewellery Shop.
 28838 | Orc:2    | Found a one-way gate leading to the halls of Pandemonium.
 28842 | Orc:2    | Bought an amulet of reflection for 420 gold pieces
 28851 | Orc:2    | Bought a glowing demon whip for 576 gold pieces
 29093 | Shoals:1 | Entered Level 1 of the Shoals
 29110 | Shoals:1 | Noticed Mlioglotl
 29159 | Shoals:1 | Noticed Jorgrun
 29482 | Shoals:1 | Killed Mlioglotl
 29604 | Shoals:1 | Noticed Josephine
 29606 | Shoals:1 | Noticed Donald
 29614 | Shoals:1 | Killed Josephine
 29632 | Shoals:1 | Slain by Donald

Illustrated notes

Levels and vault maps discovered:
D:1:      beargit_arrival_greenhouse, layout_loops_corners
D:2:      layout_loops_ring, serial_glass, glass_columns_b, glass_columns_c
D:3:      layout_rooms, mainiacjoe_overflow_small_starburst,
          shapermc_ecumenical_altar_hornbeckon, dk_noncrumbling_2
D:4:      lemuel_castle_with_subvaults [lemuel_castle_interior_carwin_3],
          layout_basic, kennysheep_slug_shrine, hangedman_decor_push,
          chequers_serial_rivers_marsh, st_stairs_5, nrook_uturn,
          kennysheep_boxes
D:5:      layout_gridville, nicolae_kikubaaqudgha_miasma_corner,
          mainiacjoe_overflow_catwalk, serial_demonic, serial_demonic_b,
          serial_demonic_a, serial_demonic_d, serial_demonic_g,
          serial_demonic_g, serial_demonic_d, minmay_shop_grid_forest,
          uniq_edmund, uniq_eustachio
D:6:      layout_loops_ring, grunt_temple_overflow_lords_of_destruction,
          chequers_serial_rivers_micro_e, kennysheep_pointless_box
D:7:      layout_basic, bloody_trog, minmay_temple_entry_statues,
          enter_bailey_4, nicolae_concentric_dashed_squares_wild,
          uniq_crazy_yiuf_cottage
D:8:      layout_loops_ring, zin_treasury, grunt_lair_entry_orc_guard_hut,
          ebering_ghost_inner_flame
D:9:      layout_basic, nicolae_gozag_seed_capital,
          ashenzari_conservatory_becter
D:10:     layout_roguey, statue_in_the_mist_lemuel,
          nicolae_shop_overcharged_wands
D:11:     layout_irregular_city, hangedman_abyss_or_decor_stabs,
          minmay_rotating_lava, uniq_maurice
D:12:     evilmike_iron_armoury, layout_gridville, david_orc_3, kennysheep_nub,
          minmay_lizard_king
D:13:     layout_small_grid
D:14:     layout_roguey, david_vaults_1
D:15:     grunt_enter_depths_snipers, layout_basic, minmay_misc_feat_x
Lair:1:   beast_lair_carwin_large_2, layout_gridlike,
          nicolae_volcano_entry_two_sided, gauntlet_entry_generic
Lair:2:   layout_layer_cave, dummy_snake_entry, serial_bayou_lake_a
Lair:3:   layout_loops_ring, minmay_shoals_entry_hut,
          eino_small_chamber_without_monster, lemuel_fruit_tree
Lair:4:   layout_long_grid, grunt_megastairs_3, uniq_nessos
Lair:5:   hangedman_lair_caniforms_friends, layout_long_grid, slime_entry_1,
          serial_forest, infiniplex_forest_lined_room_2,
          infiniplex_forest_clump_tiny, infiniplex_forest_lined_2,
          infiniplex_forest_side_room, infiniplex_forest_join,
          infiniplex_forest_straight_4, st_stairs_8, nicolae_lair_grazing_beasts
          [nicolae_sub_lair_graze_edge, nicolae_sub_lair_graze_edge,
          nicolae_sub_lair_graze_edge, nicolae_sub_lair_graze_edge]
Shoals:1: nicolae_shoals_island_circles, layout_shoals, uniq_mlioglotl,
          uniq_josephine, uniq_jorgrun, uniq_donald
Orc:1:    layout_caves, gammafunk_ghost_stat_death, uniq_erica
Orc:2:    pf_orc_diabolical, layout_caves, basic_altar

Skill      XL: |  1  2  3  4  5  6  7  8  9 10 11 12 13 14 15 16 |
---------------+-------------------------------------------------+-----
Fighting       | 4 5 6 8 9 10 12 13 14 15 | 15.7
Armour         | 4 5 6 7 8 10 11 12 13 14 15 | 15.3
Maces & Flails | 3 4 5 6 7 9 10 11 13 14 15 16 | 16.3
Ranged Weapons | 1 3 4 6 8 |  8.4
Shields        | 4 5 8 9 10 11 12 13 | 13.8
Invocations    | 1 3 4 5 6 |  6.2
Throwing       | |  0.1
Evocations     | |  0.1

Action                   |  1- 3 |  4- 6 |  7- 9 | 10-12 | 13-15 | 16-18 || total
-------------------------+-------+-------+-------+-------+-------+-------++-------
Melee: Flail             |   105 |   161 |   509 |   520 |  1911 |   474 ||  3680
       Mace              |       |       |       |   211 |       |       ||   211
       Demon whip        |       |       |       |       |       |   169 ||   169
 Fire: Sling             |       |    11 |   272 |   296 |       |       ||   579
Throw: Dart              |       |       |    15 |    21 |       |       ||    36
       Throwing net      |       |       |       |     1 |       |       ||     1
Invok: Minor Destruction |       |       |       |     3 |    18 |     3 ||    24
       Lesser Servant of |       |       |       |       |    28 |    15 ||    43
       Greater Servant o |       |       |       |       |     1 |       ||     1
Evoke: Wand              |       |       |    11 |    13 |     4 |     9 ||    37
       Condenser vane    |       |       |       |       |     1 |     2 ||     3
  Use: Potion            |       |     3 |     8 |    15 |     4 |     8 ||    38
       Scroll            |       |       |    11 |    13 |     6 |     9 ||    39
 Stab: Distracted        |       |       |       |     1 |    17 |     3 ||    21
       Held in net/web   |       |       |       |     1 |       |       ||     1
Armor: Scale mail        |    40 |   133 |   237 |       |       |       ||   410
       Chain mail        |       |       |   195 |   190 |       |       ||   385
       Skin              |       |       |     8 |    40 |       |       ||    48
       Plate armour      |       |       |       |   653 |  1456 |   598 ||  2707
Dodge: Dodged            |    39 |   113 |   304 |   330 |   608 |   251 ||  1645
Block: Buckler           |    23 |    45 |   134 |   225 |   559 |   346 ||  1332
       Reflection        |       |       |       |       |       |     7 ||     7
